 Dungeon Crawl Stone Soup version 0.31-a0-263-ge8cad7f256 (webtiles) character file.

Game seed: 7419561448901042444

210 qw the Shooter (level 5, -3/45 HPs)
             Began as a Minotaur Hexslinger on July 13, 2023.
             Slain by a killer bee (8 damage)
             ... on level 4 of the Dungeon.
             The game lasted 00:00:48 (2225 turns).

qw the Shooter (Minotaur Hexslinger)                Turns: 2225, Time: 00:00:48

Health: -3/45      AC:  5    Str: 13    XL:     5   Next: 57%
Magic:  5/5        EV: 12    Int: 10    God:
Gold:   159        SH:  0    Dex: 14    Spells: 5/6 levels left

rFire   . . .        Y - +3 sling
rCold   . . .        (no shield)
rNeg    + . .        h - +0 leather armour
rPois   .            (helmet restricted)
rElec   .            b - +1 cloak
rCorr   .            (no gloves)
SInv    .            (no boots)
Will    .....        (no amulet)
Stlth   +            a - ring of positive energy
HPRegen 0.27/turn    (no ring)
MPRegen 0.09/turn

%: no passive effects
@: lethally poisoned (-3 -> -27)
A: horns 2, retaliatory headbutt
a: no special abilities


You were on level 4 of the Dungeon.
You visited 1 branch of the dungeon, and saw 4 of its levels.

You collected 159 gold pieces.


Innate Abilities, Weirdness & Mutations

You have a pair of horns on your head.
You reflexively headbutt those who attack you in melee.


   Skills:
 - Level 3.0 Fighting
 + Level 5.9 Ranged Weapons
 - Level 2.1 Dodging
 - Level 1.0 Spellcasting
 - Level 2.0 Hexes


You had 5 spell levels left.
You knew the following spells:

 Your Spells              Type           Power      Damage    Failure   Level
a - Slow                  Hex            16%        N/A       19%         1

Your spell library contained the following spells:

 Spells                   Type           Power      Damage    Failure   Level
 Inner Flame              Hex/Fire       2%         N/A       65%         3
 Portal Projectile        Hex/Tloc       4%         N/A       65%         3
 Cause Fear               Hex            2%         N/A       88%         4

Inventory:

Hand Weapons
 Y - a +3 sling (weapon)
Armour
 b - a +1 cloak (worn)
 h - a +0 leather armour (worn)
Jewellery
 a - a ring of positive energy (left hand)
 i - a ring of ice
Scrolls
 f - 4 scrolls of teleportation
 k - a scroll of identify
Potions
 c - a potion of enlightenment
 d - a potion of berserk rage {unknown}
 g - a potion of lignification {unknown}

Dungeon Overview and Level Annotations

Branches:
Dungeon (4/15)
 Temple: D:4-7

Altars:
Ashenzari
Elyvilon
Nemelex Xobeh
The Shining One


Message History

The killer bee stings you but does no damage.
An iguana comes into view.
You shoot a sling bullet.
The sling bullet closely misses the killer bee.
The sling bullet misses the killer bee.
The killer bee barely misses you.
The killer bee stings you but does no damage. x2
The killer bee barely misses you. You furiously retaliate!
You headbutt the killer bee. The killer bee stings you.
You are poisoned.
The killer bee poisons you! The killer bee stings you.
You are more poisoned.
The killer bee poisons you! The killer bee closely misses you.
You furiously retaliate!
You headbutt the killer bee! You shoot a sling bullet.
The sling bullet barely misses the killer bee.
You feel very sick. The killer bee stings you.
You are more poisoned.
The killer bee poisons you! The killer bee misses you.
The killer bee closely misses you. x2
The killer bee stings you but does no damage.
The killer bee stings you.
You are lethally poisoned!
The killer bee poisons you!
You shoot a sling bullet.
The sling bullet closely misses the killer bee.
You feel extremely sick.
The killer bee barely misses you. x2; You furiously retaliate!
You headbutt the killer bee. The killer bee stings you.
You are more poisoned.
The killer bee poisons you! The killer bee misses you. You furiously retaliate!
You headbutt the killer bee!
You kill the killer bee!
The killer bee closely misses you.
You shoot a sling bullet. The sling bullet hits the killer bee.
The killer bee is heavily wounded.
You feel extremely sick. The killer bee misses you. The killer bee stings you!
You die...

....... .>.... ....
##...# ....# ....
......########.... .....
.................# .l..#
.................#......
................y#......
................@yy.....
................y#......
.................# .....
.................# ....
.................# ...
.................# ..
.................# .
.........###.#.###
.........# #.#.#


You could see an iguana and 4 killer bees.

Vanquished Creatures
  A killer bee (D:4)
  2 orc wizards (D:3)
  2 adders
  3 gnolls (D:3)
  2 dart slugs
  4 orcs (D:3)
  10 endoplasms
  4 giant cockroaches
  3 goblins
  4 hobgoblins
  2 jackals (D:2)
  2 quokkas
  8 ball pythons
  A bat (D:3)
  2 frilled lizards
  7 kobolds
  2 rats
59 creatures vanquished.

Notes
Turn   | Place    | Note
-------+----------+-------------------------------------------
     0 | D:1      | qw the Minotaur Hexslinger began the quest for the Orb.
     0 | D:1      | Reached XP level 1. HP: 16/16 MP: 1/1
     0 | D:1      | 0 ||| qw: Version: 0.3-a-52-g30416fa
     0 | D:1      | 0 ||| qw: Game counter: 7157
     0 | D:1      | 0 ||| qw: Melee chars always use a shield: true
     0 | D:1      | 0 ||| qw: God list: Okawaru
     0 | D:1      | 0 ||| qw: Allow faded altars: false
     0 | D:1      | 0 ||| qw: Do Orc after clearing Dungeon:15 true
     0 | D:1      | 0 ||| qw: Do second Lair branch before Depths: true
     0 | D:1      | 0 ||| qw: Lair rune preference: random
     0 | D:1      | 0 ||| qw: Goals: Normal
     0 | D:1      | 0 ||| PLANNING D:1-11
   154 | D:1      | Reached skill level 3 in Ranged Weapons
   173 | D:1      | Reached XP level 2. HP: 23/23 MP: 2/2
   714 | D:1      | 714 ||| UPGRADING to +0 leather armour.
   724 | D:1      | 724 ||| DROPPING +0 robe.
   725 | D:1      | 725 ||| READING scroll labelled NILUWN QUITSIL.
   726 | D:1      | 726 ||| READING 5 scrolls labelled YLEDIE OCLU.
   729 | D:1      | 729 ||| DROPPING scroll of poison.
   929 | D:2      | Reached XP level 3. HP: 29/29 MP: 3/3
   979 | D:2      | Found a sparkling altar of Nemelex Xobeh.
  1084 | D:2      | Reached skill level 4 in Ranged Weapons
  1478 | D:2      | 1478 ||| UPGRADING to +0 cloak.
  1483 | D:2      | 1483 ||| READING scroll labelled ZORINU WAOMPAFAEG.
  1484 | D:2      | 1484 ||| READING scroll labelled REQAAH XORO.
  1485 | D:2      | 1485 ||| READING 2 scrolls labelled UPOIWK SITSU.
  1486 | D:2      | 1486 ||| READING scroll of enchant weapon.
  1486 | D:2      | 1486 ||| ENCHANTING +2 sling.
  1487 | D:2      | 1487 ||| READING scroll labelled IMNACLELOWA.
  1531 | D:3      | Found a faded altar of an unknown god.
  1548 | D:3      | Reached XP level 4. HP: 36/36 MP: 4/4
  1588 | D:3      | Reached skill level 5 in Ranged Weapons
  1645 | D:3      | Reached skill level 3 in Fighting
  1657 | D:3      | HP: 8/38 [something/puff of flame (4)]
  1660 | D:3      | Reached XP level 5. HP: 8/45 MP: 5/5
  1690 | D:3      | 1690 ||| FLEEEEING.
  1691 | D:3      | 1691 ||| FLEEEEING.
  1874 | D:3      | Found a white marble altar of Elyvilon.
  1896 | D:3      | Found a glowing golden altar of the Shining One.
  2110 | D:3      | Found a broken altar of Ashenzari.
  2172 | D:3      | 2172 ||| UPGRADING to ring of positive energy.
  2173 | D:3      | 2173 ||| READING 2 scrolls labelled NAGHIU FOUMOG.
  2174 | D:3      | 2174 ||| READING scroll of enchant armour.
  2174 | D:3      | 2174 ||| ENCHANTING +0 cloak.
  2175 | D:3      | 2175 ||| READING 2 scrolls of identify.
  2175 | D:3      | 2175 ||| IDENTIFYING sedimented red potion
  2225 | D:4      | HP: 5/45 [poisoned by a killer bee]
  2225 | D:4      | Slain by a killer bee

Levels and vault maps discovered:
D:1:      elethiomel_arrival_quiet, layout_loops_ring, hangedman_glass_teeth
D:2:      layout_basic, basic_altar, grunt_ministairs_7
D:3:      layout_rooms, mainiacjoe_overflow_alcove_2,
          mainiacjoe_overflow_catwalk_spiral,
          shapermc_ecumenical_altar_mp_vishouse
D:4:      layout_basic, serial_shops, kennysheep_mini

Skill      XL: |  1  2  3  4 |
---------------+-------------+-----
Ranged Weapons | 3 4 5 |  5.9
Fighting       | 2 3 |  3.0
Dodging        | |  2.1
Spellcasting   | |  1.0
Hexes          | |  2.0

Action                     |  1- 3 |  4- 6 || total
---------------------------+-------+-------++-------
   Fire: Sling             |    89 |    63 ||   152
    Use: Scroll            |     7 |     3 ||    10
 Armour: Robe              |     4 |       ||     4
         Leather armour    |     4 |    17 ||    21
  Dodge: Dodged            |    12 |    26 ||    38

Table legend:
 A = Non-vault XP
 B = Vault XP
 C = Vault XP percentage of total XP
 D = Non-vault monster count
 E = Vault monster count
 F = Vault count percentage of total count
                 A         B        C        D         E       F
            +---------+---------+-------+---------+---------+-------
      Total |     296 |       5 |   1.7 |      57 |       2 |   3.4
            +---------+---------+-------+---------+---------+-------
        D:1 |      30 |       0 |   0.0 |      16 |       0 |   0.0
        D:2 |      39 |       5 |  11.4 |      16 |       2 |  11.1
        D:3 |     159 |       0 |   0.0 |      23 |       0 |   0.0
        D:4 |      68 |       0 |   0.0 |       2 |       0 |   0.0
            +---------+---------+-------+---------+---------+-------
